 Dungeon Crawl Stone Soup version 0.27-a0-1122-g2a214b436d (webtiles) character file.

Game seed: 15735624421845746289

749 DarkShadow the Shield-Bearer (level 7, -6/61 HPs)
             Began as a Minotaur Fighter on May 3, 2021.
             Was an Initiate of Gozag.
             Mangled by a yak (12 damage)
             ... on level 4 of the Dungeon.
             The game lasted 00:09:37 (4783 turns).

DarkShadow the Shield-Bearer (Minotaur Fighter)     Turns: 4783, Time: 00:09:37

Health: -6/61      AC: 13    Str: 23    XL:     7   Next: 48%
Magic:  6/6        EV:  4    Int:  5    God:    Gozag
Gold:   230        SH: 16    Dex:  9    Spells: 6/6 levels left

rFire    . . .     SeeInvis .   a - +0 long sword
rCold    . . .     Faith    .   h - +0 tower shield
rNeg     . . .     Spirit   .   m - +0 chain mail
rPois    +         Reflect  .   (helmet restricted)
rElec    .         Harm     .   d - +0 cloak
rCorr    .         Rampage  .   i - +1 pair of gloves
Will     .....                  (no boots)
Stlth    ..........             (no amulet)
HPRegen  0.20/turn              e - ring of flight
MPRegen  0.10/turn              f - ring of poison resistance

@: flying
A: horns 2, retaliatory headbutt
a: Renounce Religion, Potion Petition, Call Merchant, Bribe Branch


You were on level 4 of the Dungeon.
You worshipped Gozag.
Gozag was aware of your devotion.
You visited 1 branch of the dungeon, and saw 5 of its levels.

You collected 299 gold pieces.
You paid 69 gold pieces to Gozag.

Inventory:

Hand Weapons
 a - a +0 long sword (weapon)
Armour
 d - a +0 cloak (worn)
 h - a +0 tower shield (worn)
 i - a +1 pair of gloves (worn)
 m - a +0 chain mail (worn)
Jewellery
 e - a ring of flight (left hand)
 f - a ring of poison resistance (right hand)
Potions
 b - a potion of invisibility {unknown}
 g - a potion of brilliance
 j - a potion of heal wounds {unknown}
 k - a potion of lignification {unknown}


   Skills:
 + Level 5.2 Fighting
 + Level 6.2 Long Blades
 + Level 5.6 Armour
 + Level 6.8 Shields


You had 6 spell levels left.
You didn't know any spells.
Your spell library was empty.

Dungeon Overview and Level Annotations

Branches:
Dungeon (5/15)
 Temple: D:4-7

Altars:
Gozag
Ru

Shops:
D:3 [


Innate Abilities, Weirdness & Mutations

You have a pair of horns on your head.
You reflexively headbutt those who attack you in melee.


Message History

The yak barely misses you. You block the yak's attack.
You hit the yak but do no damage. You headbutt the yak.
The yak is moderately wounded.
You block the yak's attack.
You slash the yak! You headbutt the yak.
The yak is heavily wounded.
You block the yak's attack. The yak gores you.
You hit the yak.
The yak is heavily wounded.
You hit the yak but do no damage. Your headbutt misses the yak.
You block the yak's attack.
You barely miss the yak. The yak gores you!
You slash the yak!
The yak is moderately wounded.
You block the yak's attack. The yak gores you.
You hit the yak but do no damage. Your headbutt misses the yak.
The yak is lightly wounded.
The yak gores you.
You hit the yak but do no damage. Your headbutt misses the yak.
The yak is lightly wounded.
The yak gores you but does no damage. The yak gores you!
* * * LOW HITPOINT WARNING * * *
You hit the yak but do no damage.
The yak is lightly wounded.
The yak gores you!
* * * LOW HITPOINT WARNING * * *
As you read the scroll labelled EDWECO TUKLI, it crumbles to dust.
You hear a loud clanging noise!
It was a scroll of noise.
You block the yak's attack.
You slash the yak! You headbutt the yak.
The yak is heavily wounded.
You block the yak's attack. x2
You slash the yak!
The yak is severely wounded.
You block the yak's attack.
You hit the yak. Your headbutt misses the yak.
The yak is severely wounded.
The yak gores you!
You die...
Your body crumbles into a pile of gold.

.############.##.# #...... .#
#.##.# ####### .# #....# #.... .#
###### #.### .# ####### #.# ##
####### #####.....###.###
#########.....# #...........#)#..
....Y........Y###...........#.#.#
.............YYY@................
#####........Y###...........#.#.#
# #....(....# #...........#.#.# #
#.........# #...........#.#.# #
#.........# #...........#.#.# #
#########.######'########'#.#
#############..#####.## #......
......................# #......
......................#####......


You could see 5 yaks.

Vanquished Creatures
  A yak (D:4)
  A bullfrog (D:4)
  2 scorpions (D:4)
  A water moccasin zombie (D:4)
  A jelly (D:4)
  A hound (D:4)
  Crazy Yiuf (D:2)
  Natasha (thrice) (D:2)
  An orc wizard (D:4)
  7 adders
  2 worms
  A dart slug (D:2)
  15 orcs
  8 endoplasms
  4 giant cockroaches
  5 hobgoblins
  5 jackals
  7 quokkas
  7 ball pythons
  6 bats
  2 frilled lizards
  6 goblins
  10 kobolds
  9 rats
106 creatures vanquished.

Notes
Turn   | Place    | Note
-------+----------+-------------------------------------------
     0 | D:1      | DarkShadow the Minotaur Fighter began the quest for the
                  | Orb.
     0 | D:1      | Reached XP level 1. HP: 19/19 MP: 0/0
    85 | D:1      | Reached XP level 2. HP: 20/27 MP: 1/1
   216 | D:1      | Found a faded altar of an unknown god.
   599 | D:1      | Reached XP level 3. HP: 29/33 MP: 2/2
  1427 | D:2      | Noticed Natasha
  1431 | D:2      | Reached XP level 4. HP: 36/40 MP: 3/3
  1434 | D:2      | Killed Natasha
  1651 | D:2      | Noticed Natasha
  1665 | D:2      | HP: 1/40 [Natasha/magic dart (5)]
  1987 | D:2      | Killed Natasha
  2133 | D:2      | Found a runed translucent door.
  2134 | D:2      | Noticed Crazy Yiuf
  2417 | D:2      | Killed Crazy Yiuf
  2418 | D:2      | Reached XP level 5. HP: 44/47 MP: 1/4
  2681 | D:2      | Noticed Natasha
  2697 | D:2      | Killed Natasha
  2753 | D:3      | Reached skill level 5 in Shields
  3250 | D:3      | Found a sacrificial altar of Ru.
  3366 | D:3      | Found Loireun's Antique Armour Shoppe.
  3501 | D:4      | Reached skill level 5 in Long Blades
  3501 | D:4      | Reached XP level 6. HP: 46/53 MP: 5/5
  3582 | D:4      | Reached skill level 5 in Armour
  4043 | D:4      | Reached XP level 7. HP: 37/60 MP: 6/6
  4203 | D:4      | Found an opulent altar of Gozag.
  4215 | D:4      | Became a worshipper of Gozag Ym Sagoz the Greedy
  4422 | D:4      | Reached skill level 5 in Fighting
  4728 | D:5      | Entered Level 5 of the Dungeon
  4728 | D:5      | Noticed a yak
  4728 | D:5      | Noticed a yak
  4728 | D:5      | Noticed a yak
  4732 | D:5      | Noticed a yak
  4732 | D:5      | Noticed a yak
  4732 | D:5      | Noticed a yak
  4743 | D:4      | Killed a yak
  4783 | D:4      | Mangled by a yak

Illustrated notes

Levels and vault maps discovered:
D:1:      zaba_arrival_water, layout_basic, hellmonk_ecumenical_altar_zigzags,
          corexii_leaking_fountain
D:2:      layout_loops_ring, minmay_tree_intersection, uniq_natasha,
          uniq_crazy_yiuf_cottage
D:3:      layout_loops_ring, general_overflow_altar, serial_shops, shop,
          minmay_misc_feat_iff
D:4:      layout_basic, lemuel_round_altar
D:5:      layout_cave_pools, minitemple, serial_shops, kennysheep_mini

Skill      XL: |  1  2  3  4  5  6  7 |
---------------+----------------------+-----
Armour         | 4 5 |  5.6
Shields        | 4 5 6 |  6.8
Fighting       | 4 5 |  5.2
Long Blades    | 3 4 5 6 |  6.2

Action                   |  1- 3 |  4- 6 |  7- 9 || total
-------------------------+-------+-------+-------++-------
Melee: Long sword        |   106 |   178 |    43 ||   327
       Headbutt          |    16 |    28 |    14 ||    58
       Unarmed           |       |     8 |       ||     8
  Use: Potion            |       |     1 |       ||     1
       Scroll            |       |     2 |     2 ||     4
Armor: Scale mail        |    53 |    21 |       ||    74
       Skin              |       |    13 |       ||    13
       Chain mail        |       |    86 |    23 ||   109
Dodge: Dodged            |    26 |    38 |     8 ||    72
Block: Kite shield       |    28 |       |       ||    28
       Tower shield      |    44 |   189 |    42 ||   275
       Rpst.: Long sword |     8 |     5 |     3 ||    16

Table legend: (Time is in decaauts)
 A = Elapsed time spent in this place.
 B = Non-inter-level travel time spent in this place.
 C = Inter-level travel time spent in this place.
 D = Time resting spent in this place.
 E = Time spent auto-exploring this place.
 F = Levels seen in this place.
 G = Mean time per level.
                   A        B        C        D        E       F      G
               +--------+--------+--------+--------+--------+-----+--------+
         Total |   4974 |   4733 |    241 |    490 |   3305 |   5 |  994.8 |
       Dungeon |   4974 |   4733 |    241 |    490 |   3305 |   5 |  994.8 |
               +--------+--------+--------+--------+--------+-----+--------+

Top non-repeatable levels by time:
     D:2: 1546 daAuts
     D:4: 1367 daAuts
     D:3: 1066 daAuts
     D:1: 987 daAuts
     D:5: 6 daAuts
